 Dungeon Crawl Stone Soup version 0.21-a0-140-g479285b (webtiles) character file.

1733 kuniqs the Firebug (level 8, -11/57 HPs)
             Began as a Demigod Fire Elementalist on July 20, 2017.
             Mangled by an orc warrior
             ... wielding a +0 long sword
              (13 damage)
             ... on level 5 of the Dungeon.
             The game lasted 00:10:07 (6646 turns).

kuniqs the Firebug (Demigod Fire Elementalist)      Turns: 6646, Time: 00:10:07

Health: -11/57     AC:  4    Str: 11    XL:     8   Next: 47%
Magic:  8/15       EV: 12    Int: 23    God:
Gold:   419        SH:  0    Dex: 16    Spells: 0/13 levels left

rFire    . . .     SeeInvis .   v - +2 dagger (speed)
rCold    . . .     Gourm    .   (no shield)
rNeg     + . .     Faith    .   a - +0 robe
rPois    +         Spirit   .   t - +0 helmet (curse)
rElec    .         Reflect  .   (no cloak)
rCorr    .         Harm     .   x - +0 pair of gloves
MR       .....                  (no boots)
Stlth    ++........             (no amulet)
HPRegen  0.19/turn              n - ring of poison resistance
MPRegen  0.14/turn              F - ring of positive energy

@: drained
A: high mp 1
a: no special abilities


You were on level 5 of the Dungeon.
You were very hungry.

You visited 1 branch of the dungeon, and saw 6 of its levels.

You collected 419 gold pieces.

Inventory:

Hand Weapons
 v - a +2 dagger of speed (weapon)
Armour
 a - a +0 robe (worn)
 t - a cursed +0 helmet (worn)
 x - a +0 pair of gloves (worn)
 y - a +2 helmet
Jewellery
 n - a ring of poison resistance (left hand)
 F - a ring of positive energy (right hand)
Scrolls
 g - a scroll of recharging {unknown}
 i - 8 scrolls of identify {@r1}
 j - 2 scrolls of enchant weapon {unknown}
 k - 4 scrolls of remove curse {unknown}
 l - 4 scrolls of teleportation
 q - a scroll of fog {unknown}
 r - a scroll of immolation {unknown}
 u - a scroll of blinking {unknown}
 w - a scroll of amnesia
 A - a scroll of enchant armour {unknown}
Potions
 c - 2 potions of agility {unknown}
 h - 6 potions of heal wounds {unknown}
 o - a potion of mutation {unknown}
 p - 2 potions of invisibility {unknown}
 s - 2 potions of lignification
 z - 3 potions of curing {unknown}
Books
 b - a book of Flames

   Spells                             Type                      Level
   a - Flame Tongue                   Conjuration/Fire             1
   b - Throw Flame                    Conjuration/Fire             2
   c - Conjure Flame                  Conjuration/Fire             3
   d - Inner Flame                    Hexes/Fire                   3
   e - Sticky Flame                   Conjuration/Fire             4
   f - Fireball                       Conjuration/Fire             5
 D - a Fen Folio

   Spells                             Type                      Level
   a - Corpse Rot                     Necromancy                   2
   b - Stone Arrow                    Conjuration/Earth            3
   c - Leda's Liquefaction            Hexes/Earth                  4
   d - Summon Forest                  Summoning/Translocation      5
   e - Hydra Form                     Transmutation                6
   f - Summon Hydra                   Summoning                    7
Comestibles
 d - 8 bread rations
 e - 3 meat rations
 f - 7 fruits
 m - 2 royal jellies


   Skills:
 - Level 1.7(1.4) Dodging
 - Level 1.7(1.4) Stealth
 - Level 3.0(2.7) Spellcasting
 + Level 6.7(6.4) Conjurations
 + Level 7.3(7.0) Fire Magic
 + Level 2.4(2.1) Earth Magic


You couldn't memorise any spells.
You knew the following spells:

 Your Spells              Type           Power        Failure   Level  Hunger
a - Flame Tongue          Conj/Fire      ####.        1%          1    None
b - Throw Flame           Conj/Fire      ####..       1%          2    ##.....
c - Conjure Flame         Conj/Fire      ####....     2%          3    ###....
d - Sticky Flame          Conj/Fire      ####....     8%          4    ####...
e - Stone Arrow           Conj/Erth      ###...       6%          3    ###....


Dungeon Overview and Level Annotations

Branches:
Dungeon (6/15)
 Temple: D:4-7


Innate Abilities, Weirdness & Mutations

You have an increased reservoir of magic. (+10% MP)


Message History

The orc wizard gestures wildly while chanting.
The orc wizard blinks!
The orc wizard gestures at you while chanting.
The magic dart hits you!
* * * LOW HITPOINT WARNING * * *
The orc wizard hits you but does no damage.
The orc wizard closely misses you.
The orc wizard gestures at you while chanting.
The magic dart hits you!
* * * LOW HITPOINT WARNING * * *
A jelly comes into view.
There is a stone staircase leading up here.
The orc wizard hits you but does no damage.
The orc wizard misses you.
You climb upwards.
There is a stone staircase leading down here.
The orc wizard hits you with a dagger.
* * * LOW HITPOINT WARNING * * *
The orc warrior hits you with a long sword!
You die...

...............#....###.#####
####"..........#.#### #.##
...............#.# #..##
[##............#.# #...#
###.###.##..#....# #...# #..#
#...#....[.# ##..# #.##
###.###.[..# #..# #.#
#..##...o## #..# #.#
##......@># #..####### ##.##
###....#o# #..#.....# ....#
##...#.# ##.#.....# ....#
#...#.# #.......# ....#
#...#.# #.......# ....#
#...#.# #.......# ....#
#####.# ##......# ....# #.##
#......# ....# #..# ##.....#


You could see an orc warrior and an orc wizard.

Vanquished Creatures
  2 phantoms (D:4)
  4 ogres
  A bullfrog (D:3)
  3 scorpions
  4 wights (D:6)
  A howler monkey (D:6)
  3 crimson imps
  A bullfrog zombie (D:5)
  A hound (D:5)
  2 jellies
  3 orc priests
  An iguana (D:4)
  Jessica (D:3)
  6 orc wizards
  A killer bee zombie (D:3)
  A hound skeleton (D:4)
  Robin (D:3)
  7 adders
  3 shadow imps
  An ooze (D:4)
  2 worms
  2 dart slugs
  7 leopard geckos
  20 orcs
  2 ball pythons (D:1)
  A giant cockroach (D:3)
  10 goblins
  5 hobgoblins
  7 jackals
  3 quokkas
  8 bats
  8 frilled lizards
  4 kobolds
  8 rats
134 creatures vanquished.

Vanquished Creatures (others)
  3 plants (D:3)
3 creatures vanquished.

Grand Total: 137 creatures vanquished

Notes
Turn   | Place    | Note
-------+----------+-------------------------------------------
     0 | D:1      | kuniqs the Demigod Fire Elementalist began the quest for the Orb.
     0 | D:1      | Reached XP level 1. HP: 14/14 MP: 5/5
    81 | D:1      | Reached skill level 1 in Conjurations
   574 | D:1      | Reached XP level 2. HP: 20/20 MP: 2/7
   604 | D:1      | Reached skill level 3 in Fire Magic
   944 | D:1      | Learned a level 2 spell: Throw Flame
  1245 | D:2      | Found a faded altar of an unknown god.
  1269 | D:2      | Found a white marble altar of Elyvilon.
  1440 | D:2      | Reached XP level 3. HP: 26/26 MP: 6/8
  2254 | D:3      | Found a hide-covered altar of Uskayaw.
  2499 | D:3      | Reached XP level 4. HP: 2/33 MP: 7/10
  3102 | D:3      | Reached XP level 5. HP: 38/38 MP: 6/12
  3172 | D:3      | Learned a level 3 spell: Conjure Flame
  3188 | D:3      | Noticed Jessica
  3192 | D:3      | Killed Jessica
  3192 | D:3      | Reached skill level 4 in Fire Magic
  3198 | D:3      | Learned a level 4 spell: Sticky Flame
  3448 | D:3      | Noticed Robin
  3457 | D:3      | Killed Robin
  3675 | D:3      | Reached XP level 6. HP: 35/45 MP: 8/13
  4180 | D:4      | Reached skill level 5 in Fire Magic
  4501 | D:4      | Reached XP level 7. HP: 43/50 MP: 5/14
  4599 | D:4      | Reached skill level 5 in Conjurations
  4946 | D:4      | Reached skill level 6 in Fire Magic
  5261 | D:5      | Entered Level 5 of the Dungeon
  5687 | D:5      | Reached XP level 8. HP: 57/57 MP: 5/15
  5824 | D:5      | Found a burning altar of Makhleb.
  5830 | D:5      | Learned a level 3 spell: Stone Arrow
  5897 | D:5      | Found a shimmering altar of Xom.
  6053 | D:6      | Reached skill level 7 in Fire Magic
  6053 | D:6      | Reached skill level 1 in Earth Magic
  6642 | D:6      | HP: 2/57 [orc wizard/magic dart (3)]
  6646 | D:5      | Mangled by an orc warrior

Vault maps used:
D:1:      mrwooster_arrival_arrow
D:2:      first_bread, chequers_ecumenical_altar_island, elyvilon_altar_1
D:3:      lemuel_doored_altar, serial_bayou_lake_a, uniq_jessica, uniq_robin
D:4:      corexii_checkpoint_a
D:5:      grunt_temple_overflow_champion_of_chaos, hangedman_decor_lopped
D:6:      lemuel_insect_pit, chequers_temple_overflow_statue_of_worship,
          uniq_sigmund

Skill      XL: |  1  2  3  4  5  6  7  8 |
---------------+-------------------------+-----
Conjurations   | 1 2 3 4 6 |  6.7
Spellcasting   | 2 3 |  3.0
Fire Magic     | 3 4 5 6 7 |  7.3
Earth Magic    | 2 |  2.4
Dodging        | |  1.7
Stealth        | |  1.7

Action                   |  1- 3 |  4- 6 |  7- 9 || total
-------------------------+-------+-------+-------++-------
Melee: Unarmed           |     7 |       |       ||     7
       Dagger            |       |       |    42 ||    42
 Cast: Flame Tongue      |    66 |   101 |   124 ||   291
       Throw Flame       |    14 |     8 |    11 ||    33
       Conjure Flame     |       |     1 |       ||     1
       Stone Arrow       |       |       |    10 ||    10
  Use: Scroll            |       |     3 |       ||     3
       Potion            |       |     1 |       ||     1
  Eat: Chunk             |     6 |     7 |     5 ||    18
       Fruit             |       |       |     2 ||     2
Armor: Robe              |     8 |     6 |    15 ||    29
Dodge: Dodged            |    18 |    12 |    68 ||    98
